 Dungeon Crawl Stone Soup version 0.30-a0-845-g7c6808c8ce (webtiles) character file.

Game seed: 18006726186003600078

9 domi the Conjurer (level 2, 19/19 HPs)
             Began as a Demonspawn Conjurer on Mar 3, 2023.
             Got out of the dungeon alive.
             The game lasted 00:00:47 (406 turns).

domi the Conjurer (Demonspawn Conjurer)              Turns: 406, Time: 00:00:48

Health: 19/19      AC:  2    Str:  7    XL:     2   Next: 3%
Magic:  5/5        EV: 12    Int: 19    God:
Gold:   32         SH:  0    Dex: 11    Spells: 4/5 levels left

rFire   . . .      SeeInvis +    (no weapon)
rCold   . . .      Faith    +    (no shield)
rNeg    . . .      Spirit   .    a - +0 robe
rPois   .          Reflect  .    (no helmet)
rElec   .          Rampage  .    (no cloak)
rCorr   .                        (no gloves)
Will    .....                    (no boots)
Stlth   ++                       d - amulet of faith {Faith, !P!P}
HPRegen 0.23/turn                f - ring of see invisible {sInv}
MPRegen 0.09/turn                (no ring)

@: no status effects
A: weakness stinger 1
a: no special abilities


You escaped.
You visited 1 branch of the dungeon, and saw 1 of its levels.

You collected 32 gold pieces.

Inventory:

Armour
 a - a +0 robe (worn)
Jewellery
 d - an amulet of faith (around neck) {Faith, !P!P}
   (You found it on level 1 of the Dungeon)
 f - a ring of see invisible (left hand) {sInv}
   (You found it on level 1 of the Dungeon)
Scrolls
 g - a scroll of amnesia {unknown}
Potions
 b - a potion of magic
 c - 2 potions of heal wounds {unknown}
 e - a potion of curing {unknown}


   Skills:
 - Level 1.7 Dodging
 - Level 1.7 Stealth
 - Level 2.0 Spellcasting
 + Level 4.4 Conjurations


You had 4 spell levels left.
You knew the following spells:

 Your Spells              Type           Power      Damage    Failure   Level
z - Magic Dart            Conj           72%        1d6       2%          1

Your spell library contained the following spells:

 Spells                   Type           Power      Damage    Failure   Level
 Searing Ray              Conj           36%        2d5       4%          2
 Dazzling Flash           Conj/Hex       20%        N/A       21%         3
 Fulminant Prism          Conj/Hex       5%         3d6       56%         4
 Iskenderun's Mystic Bla  Conj/Tloc      10%        2d4       56%         4


Dungeon Overview and Level Annotations

Branches:
Dungeon (1/15)

Altars:


Innate Abilities, Weirdness & Mutations

You have a small tail.


Message History

Found a staircase leading out of the dungeon.
Lua error: attempt to yield across metamethod/C-call boundary
c - 2 red potions
d - an amulet of faith {Faith, !P!P}
There is a fountain of clear blue water here.
e - a golden potion
Found a faded altar of an unknown god.
You can't see any susceptible monsters within range! (Use Z to cast anyway.) Unknown command.
A giant cockroach comes into view.
A giant cockroach is nearby!
A giant cockroach is nearby!
Aim: a giant cockroach (asleep, 100% to hit)
The magic dart hits the giant cockroach.
Aim: a giant cockroach (severely wounded, 100% to hit)
The magic dart hits the giant cockroach.
Aim: a giant cockroach (almost dead, 100% to hit)
The magic dart hits the giant cockroach.
You kill the giant cockroach!
A frilled lizard comes into view.
Aim: a frilled lizard (asleep, 100% to hit)
The magic dart hits the frilled lizard.
You kill the frilled lizard!
You can't see any susceptible monsters within range! (Use Z to cast anyway.)
f - a ring of see invisible {sInv} Really put on
d - an amulet of faith {Faith, !P!P}? [Y]es or [N]o only, please.
Really put on
d - an amulet of faith {Faith, !P!P}?
You start putting on your amulet.
You continue putting on your amulet of faith {Faith, !P!P}. x5
You finish putting on your amulet of faith {Faith, !P!P}.
You feel a strange surge of divine interest.
d - an amulet of faith (around neck) {Faith, !P!P}
f - a ring of see invisible (left hand) {sInv}
Found a stone staircase leading down.
A goblin comes into view. It is wielding a +0 club.
A goblin is nearby!
You can't see any susceptible monsters within range! (Use Z to cast anyway.) Unknown command.
You can't see any susceptible monsters within range! (Use Z to cast anyway.) Unknown command.
The goblin shouts!
You see here 10 gold pieces.
You now have 10 gold pieces.
Aim: a goblin, wielding a +0 club (100% to hit)
The magic dart hits the goblin.
You kill the goblin!
You can't see any susceptible monsters within range! (Use Z to cast anyway.)
A goblin comes into view. It is wielding a +0 club.
A goblin is nearby!
A goblin is nearby!
A goblin is nearby!
Aim: a goblin, wielding a +0 club (asleep, 100% to hit)
The magic dart hits the goblin.
Aim: a goblin, wielding a +0 club (heavily wounded, 100% to hit)
The magic dart hits the goblin.
You kill the goblin!
You can't see any susceptible monsters within range! (Use Z to cast anyway.)
You see here a giant cockroach corpse.
An endoplasm comes into view.
The endoplasm quivers.
An endoplasm is nearby!
An endoplasm is nearby!
An endoplasm is nearby!
Aim: an endoplasm (100% to hit)
The magic dart hits the endoplasm.
Aim: an endoplasm (moderately wounded, 100% to hit)
The magic dart hits the endoplasm.
Aim: an endoplasm (almost dead, 100% to hit)
The magic dart hits the endoplasm.
You kill the endoplasm!
You don't have enough magic to cast this spell.
You now have 21 gold pieces (gained 11).
An endoplasm comes into view.
An endoplasm is nearby!
An endoplasm is nearby!
An endoplasm is nearby!
Aim: an endoplasm (100% to hit)
The magic dart hits the endoplasm.
Aim: an endoplasm (almost dead, 100% to hit)
The magic dart hits the endoplasm.
You kill the endoplasm!
You can't see any susceptible monsters within range! (Use Z to cast anyway.)
You can't see any susceptible monsters within range! (Use Z to cast anyway.)
g - a scroll labelled DYBETOURUU You now have 32 gold pieces (gained 11).
A jackal comes into view.
The jackal moves out of view.
Aim: a jackal (100% to hit)
The magic dart hits the jackal.
You kill the jackal!
You have reached level 2!
You feel monstrous as your demonic heritage exerts itself.
Your demonic ancestry asserts itself...
You grow a small tail.
There is a dry fountain here.
There is a dry fountain here.
There is a staircase leading out of the dungeon here.
Are you sure you want to leave the Dungeon?
This will make you lose the game!
You have escaped!

#..## #... ...## .... ....
##### ..... ##.>.## .....
##..@..## ...... #
##.......##......### #
##..⌠...⌠..##.......###
##...........##### #....
##.⌠....⌠....⌠.##..####..
##...............##..##..#
##..⌠...⌠...⌠...⌠..##....##
##.(.................##...##
#......⌠.......⌠......##....


There were no monsters in sight!

Vanquished Creatures
  2 endoplasms (D:1)
  A giant cockroach (D:1)
  2 goblins (D:1)
  A jackal (D:1)
  A frilled lizard (D:1)
7 creatures vanquished.

Notes
Turn   | Place    | Note
-------+----------+-------------------------------------------
     0 | D:1      | domi the Demonspawn Conjurer began the quest for the Orb.
     0 | D:1      | Reached XP level 1. HP: 13/13 MP: 3/3
    21 | D:1      | Found a faded altar of an unknown god.
   347 | D:1      | Discovered your monstrous ancestry.
   347 | D:1      | Gained mutation: You have a small tail. [demonic ancestry]
   347 | D:1      | Reached XP level 2. HP: 19/19 MP: 3/5
   406 | D:$      | Got out of the dungeon alive.

Illustrated notes

Levels and vault maps discovered:
D:1:      dpeg_arrival_lava_temple_mockup, layout_rooms,
          dreamdust_ecumenical_altar_grove, minmay_tetromino_l2

Action                     || total
---------------------------++-------
   Cast: Magic Dart        ||    13

Table legend: (Time is in decaauts)
 A = Elapsed time spent in this place.
 B = Non-inter-level travel time spent in this place.
 C = Inter-level travel time spent in this place.
 D = Time resting spent in this place.
 E = Time spent auto-exploring this place.
 F = Levels seen in this place.
 G = Mean time per level.
                   A        B        C        D        E       F      G
               +--------+--------+--------+--------+--------+-----+--------+
         Total |    405 |    347 |     58 |      0 |    305 |   1 |  405.0 |
       Dungeon |    405 |    347 |     58 |      0 |    305 |   1 |  405.0 |
               +--------+--------+--------+--------+--------+-----+--------+

Top non-repeatable levels by time:
     D:1: 405 daAuts

Table legend:
 A = Kills in this place as a percentage of kills in the entire game.
 B = Kills by you in this place as a percentage of kills by you in the entire game.
 C = Kills by friends in this place as a percentage of kills by friends in the entire game.
 D = Other kills in this place as a percentage of other kills in the entire game.
 E = Experience gained in this place as a percentage of experience gained in the entire game.
 F = Experience gained in this place divided by the number of levels of this place that you have seen.
                   A       B       C       D       E      F
               +-------+-------+-------+-------+-------+----------------------
         Total | 100.0 | 100.0 |   N/A |   N/A | 100.0 |  13.0
       Dungeon | 100.0 | 100.0 |   N/A |   N/A | 100.0 |  13.0
               +-------+-------+-------+-------+-------+----------------------
